[Event "Team 45 45 League T55"]
[Site "Internet Chess Club"]
[Date "2012.11.23"]
[Round "2"]
[White "Timotheous"]
[Black "kpjw"]
[Result "0-1"]
[WhiteElo "1813"]
[BlackElo "1633"]
[Opening "English: Romanishin gambit"]
[ECO "A05"]
[Time "08:30:17"]
[TimeControl "2700+45"]

1. Nf3 Nf6 2. c4 e6 3. g3 a6 4. Bg2 b5 5. b3 Bb7 6. d3 c5 7. Nbd2 Be7 8. O-O O-O
9. Bb2 d5 10. cxd5 exd5 11. e3 Nbd7 12. d4 c4 13. Ne1 Rc8 14. Rc1 Ne4 15. Nxe4
dxe4 16. bxc4 Rxc4 17. Nc2 Qa5 18. a3 Nf6 19. Qe2 Rfc8 20. Rfd1 Qa4 21. Rd2 Qb3
{White resigns} 0-1

[Event "Team 45 45 League T55"]
[Site "Internet Chess Club"]
[Date "2012.11.25"]
[Round "2"]
[White "vollmerj"]
[Black "supermessi"]
[Result "1-0"]
[WhiteElo "1756"]
[BlackElo "1586"]
[Opening "Sicilian defense"]
[ECO "B20"]
[Time "19:04:12"]
[TimeControl "2700+45"]

1. e4 c5 2. b3 d6 3. Bb2 Nc6 4. Nc3 Nf6 5. Nf3 e6 6. d4 cxd4 7. Nxd4 a6 8. Nxc6
bxc6 9. Bd3 Be7 10. O-O O-O 11. Ne2 Nd7 12. Nd4 Qb6 13. Nf3 e5 14. Bc1 Nf6 15.
Be3 Qc7 16. a4 a5 17. Bg5 h6 18. Bxf6 Bxf6 19. Rb1 Rb8 20. h3 Be6 21. Qe2 Rfd8
22. Nd2 Bg5 23. Nf3 Be7 24. Nd2 d5 25. Nf3 f6 26. Rfd1 d4 27. Nh4 Bb4 28. Nf5
Bxf5 29. exf5 Kh8 30. Be4 c5 31. Rd3 Bc3 32. Rg3 Qf7 33. Bd3 Qc7 34. Rd1 Qe7 35.
Rg6 Re8 36. Qe4 Qb7 37. Kf1 Qxe4 38. Bxe4 Rec8 39. Bd3 Re8 40. f3 Kg8 41. g4 Re7
42. h4 Rb6 43. g5 hxg5 44. hxg5 Rd7 45. Kf2 Rdd6 46. Rg1 fxg5 47. R6xg5 Rb7 48.
Bc4+ Kf8 49. Rh1 Rh6 50. Rxh6 gxh6 51. Rg8+ {Black resigns} 1-0

[Event "Team 45 45 League T55"]
[Site "Internet Chess Club"]
[Date "2012.11.26"]
[Round "2"]
[White "JohLeb"]
[Black "doublepar"]
[Result "1-0"]
[WhiteElo "1417"]
[BlackElo "1547"]
[Opening "QGD semi-Slav"]
[ECO "D43"]
[Time "20:00:14"]
[TimeControl "2700+45"]

1. d4 d5 2. c4 e6 3. Nf3 c6 4. Nc3 Nf6 5. Bg5 h6 6. Bh4 Bd6 7. c5 Be7 8. e3 a5
9. a3 O-O 10. b4 axb4 11. axb4 Na6 12. Bxa6 bxa6 13. Ne5 Qc7 14. Na4 g5 15. Bg3
Ne4 16. Qh5 Nxg3 17. hxg3 f5 18. Qxh6 Bf6 19. Qg6+ Qg7 20. Qxg7+ Kxg7 21. Nxc6
Bd7 22. Ne5 Bb5 23. f4 a5 24. Nb6 Rh8 25. Rxh8 Rxh8 26. Kf2 axb4 27. Ra7+ Kg8
28. Kg1 Bxe5 29. fxe5 Rh7 30. Ra5 Bc6 31. Na4 b3 32. Nb2 Rb7 33. Ra6 Rc7 34. Rb6
Kg7 35. Rxb3 Kh6 36. Kf2 g4 37. Nd3 Ba4 38. Rb6 Rc6 39. Nf4 Rxb6 40. cxb6 Bc6
41. Nxe6 Kg6 42. Nc5 {Black resigns} 1-0

[Event "Team 45 45 League T55"]
[Site "Internet Chess Club"]
[Date "2012.12.03"]
[Round "2"]
[White "Juan73"]
[Black "krysto"]
[Result "0-1"]
[WhiteElo "1671"]
[BlackElo "1644"]
[Opening "French: exchange variation"]
[ECO "C01"]
[Time "18:31:06"]
[TimeControl "2700+45"]

1. e4 e6 2. d4 d5 3. exd5 exd5 4. Nc3 Nf6 5. Nf3 Bd6 6. Bg5 c6 7. Bd3 O-O 8. Qd2
Re8+ 9. Ne2 Be6 10. O-O-O Nbd7 11. Nh4 b5 12. Nf5 Bxf5 13. Bxf5 Qb6 14. Ng3 b4
15. h4 a5 16. h5 a4 17. Bxd7 b3 18. cxb3 axb3 19. a3 Nxd7 20. Ne2 c5 21. dxc5
Qxc5+ 22. Nc3 d4 23. Qxd4 Qxg5+ 24. Kb1 Qf5+ 25. Ka1 Bxa3 26. bxa3 Rxa3+ 27. Kb2
Qc2+ 28. Kxa3 Ra8+ 29. Kb4 Rb8+ 30. Nb5 Nf8 31. Qd3 Qxf2 32. Qxb3 Ne6 33. Qc4 h6
34. Rc1 Qb2+ 35. Qb3 Rxb5+ 36. Kxb5 Qxb3+ 37. Kc6 Kf8 38. Rhd1 Qa4+ 39. Kd6 Qa6+
40. Kd7 Qa7+ 41. Kd6 Qa8 42. Kd7 Qa7+ 43. Kd6 Kg8 44. Rf1 Kh7 45. Rc2 Qa6+
{White resigns} 0-1

[Event "Team 45 45 League T55"]
[Site "Internet Chess Club"]
[Date "2012.11.24"]
[Round "2"]
[White "whiskeytown"]
[Black "Andressa"]
[Result "1-0"]
[WhiteElo "1517"]
[BlackElo "1362"]
[Opening "Scandinavian (center counter) defense"]
[ECO "B01"]
[Time "18:03:05"]
[TimeControl "2700+45"]

1. e4 d5 2. exd5 Qxd5 3. Nc3 Qd8 4. d4 e6 5. Nf3 Nf6 6. Bc4 Be7 7. O-O b6 8. Bg5
Nbd7 9. Ne5 Bb7 10. Bb5 O-O 11. Nc6 Qe8 12. Nxe7+ Qxe7 13. Re1 c6 14. Bd3 Qb4
15. Rb1 Rad8 16. a3 Qe7 17. Re3 h6 18. Bh4 Rfe8 19. Ne4 c5 20. dxc5 bxc5 21. Qe2
Bxe4 22. Bxe4 Nb6 23. Bc6 Rf8 24. Rd1 Rd6 25. Bxf6 Rxd1+ 26. Qxd1 Qxf6 27. c3
Rd8 28. Rd3 Rxd3 29. Qxd3 e5 30. Bb5 Qf4 31. Qe3 Qxe3 32. fxe3 Nd5 33. Kf2 Kf8
34. Kf3 Ke7 35. Ke4 Kd6 36. Bc4 Nf6+ 37. Kf3 Ke7 38. b4 cxb4 39. axb4 e4+ 40.
Kf4 g5+ 41. Kf5 g4 42. g3 h5 43. Ke5 Nd7+ 44. Kxe4 Kf6 45. Kd5 Ne5 46. Be2 Nf3
47. Ke4 Nxh2 48. Kf4 Kg6 49. c4 Kf6 50. b5 Ke6 51. c5 Kd5 52. c6 Kd6 53. Kg5
Nf3+ 54. Kxh5 f5 55. Kg6 Ne5+ 56. Kxf5 Nxc6 57. bxc6 Kxc6 58. Bxg4 a5 59. Bh5 a4
60. Bf7 Kd6 61. Kf6 a3 62. g4 {Black resigns} 1-0

[Event "Team 45 45 League T55"]
[Site "Internet Chess Club"]
[Date "2012.11.24"]
[Round "2"]
[White "nuvi78"]
[Black "QuimCatala"]
[Result "1-0"]
[WhiteElo "1163"]
[BlackElo "1333"]
[Opening "French: advance variation"]
[ECO "C02"]
[Time "10:00:13"]
[TimeControl "2700+45"]

1. e4 d5 2. e5 e6 3. d4 c5 4. c3 c4 5. Nf3 h6 6. b4 f6 7. g3 fxe5 8. Nxe5 Bd6 9.
Qh5+ g6 10. Qxg6+ Ke7 11. Qf7# {Black checkmated} 1-0

[Event "Team 45 45 League T55"]
[Site "Internet Chess Club"]
[Date "2012.11.25"]
[Round "2"]
[White "tamky70"]
[Black "Andaluz"]
[Result "1-0"]
[WhiteElo "1393"]
[BlackElo "1078"]
[Opening "Bird's opening"]
[ECO "A03"]
[Time "13:01:09"]
[TimeControl "2700+45"]

1. f4 d5 2. Nf3 e6 3. d3 f5 4. c3 Be7 5. Qc2 Nf6 6. Be3 c5 7. h3 Nc6 8. Bd2 Bd7
9. e3 a6 10. Be2 Nh5 11. O-O Ng3 12. Re1 O-O 13. Bf1 Qb6 14. Qb3 Qxb3 15. axb3
a5 16. Na3 a4 17. bxa4 Rxa4 18. Kh2 Nh5 19. Be2 Nf6 20. Nc2 Rfa8 21. g3 h6 22.
Bf1 Kf7 23. b3 Ra2 24. Rxa2 Rxa2 25. Na1 Rxd2+ 26. Nxd2 Nh7 27. Nc2 Bf6 28. d4
Nb4 29. Nxb4 cxb4 30. cxb4 b5 31. Ra1 Be7 32. Nf3 Bxb4 33. Ne5+ Ke7 34. Nxd7
Kxd7 35. Bxb5+ Ke7 36. Kg2 Nf6 37. Bd3 Ne8 38. Ra4 Bd2 39. Kf2 {Black resigns}
1-0

[Event "Team 45 45 League T55"]
[Site "Internet Chess Club"]
[Date "2012.11.22"]
[Round "2"]
[White "oldsj"]
[Black "kwameh72"]
[Result "1-0"]
[WhiteElo "1613"]
[BlackElo "1601"]
[Opening "Scandinavian: Pytel-Wade variation"]
[ECO "B01"]
[Time "09:04:53"]
[TimeControl "2700+45"]

1. e4 d5 2. exd5 Qxd5 3. Nc3 Qd6 4. Nf3 Nf6 5. Be2 c6 6. O-O Bf5 7. d3 Nbd7 8.
Re1 e6 9. Bg5 Be7 10. Nh4 Bg6 11. Bf3 Qb4 12. Nxg6 hxg6 13. Qd2 O-O-O 14. Rab1
Qa5 15. Be3 Qc7 16. h3 Kb8 17. b4 Ne5 18. Qe2 Nxf3+ 19. Qxf3 Rdf8 20. b5 c5 21.
d4 cxd4 22. Bxd4 b6 23. a4 Rd8 24. Be3 Bd6 25. Ne2 Qxc2 26. Nd4 Qe4 27. Nc6+ Kc7
28. Bxb6+ axb6 29. Rxe4 {Black resigns} 1-0

[Event "Team 45 45 League T55"]
[Site "Internet Chess Club"]
[Date "2012.11.24"]
[Round "2"]
[White "BrerRabbit"]
[Black "Tjet"]
[Result "1/2-1/2"]
[WhiteElo "1450"]
[BlackElo "1486"]
[Opening "Queen's Pawn"]
[ECO "B07"]
[Time "19:06:05"]
[TimeControl "2700+45"]

1. d4 d6 2. e4 e5 3. dxe5 dxe5 4. Qxd8+ Kxd8 5. Nf3 Bd6 6. Be2 f6 7. O-O Be6 8.
Rd1 Ke7 9. Nc3 a6 10. Nd5+ Bxd5 11. Rxd5 Nc6 12. a3 h5 13. Be3 g5 14. c4 Ke8 15.
c5 Be7 16. Rad1 Rd8 17. b4 Rxd5 18. Rxd5 Nh6 19. Ne1 Nf7 20. Nc2 Nfd8 21. Rd1
Ne6 22. g3 g4 23. Kg2 Ng5 {Game drawn by mutual agreement} 1/2-1/2

[Event "Team 45 45 League T55"]
[Site "Internet Chess Club"]
[Date "2012.11.27"]
[Round "2"]
[White "stanbeers"]
[Black "MeansToAnEnd"]
[Result "1/2-1/2"]
[WhiteElo "1435"]
[BlackElo "1462"]
[Opening "QGD Slav defense"]
[ECO "D10"]
[Time "20:07:13"]
[TimeControl "2700+45"]

1. d4 d5 2. c4 c6 3. Nc3 Nf6 4. cxd5 cxd5 5. e3 Bf5 6. Bb5+ Bd7 7. Ba4 Bxa4 8.
Qxa4+ Qd7 9. Nb5 Nc6 10. Nf3 a6 11. O-O e6 12. Ne5 Qc8 13. Nxc6 axb5 14. Qxb5
bxc6 15. Qe2 Bd6 16. a3 O-O 17. b4 Qa6 18. Qb2 Ra7 19. Bd2 Rfa8 20. h3 Ne4 21.
g3 Qd3 22. Rfd1 Nxd2 23. Rxd2 Qb5 24. Rdd1 h5 25. h4 f6 26. Rdc1 e5 27. Kg2 exd4
28. exd4 Ra6 29. Rc3 c5 30. Qc2 cxb4 31. Rc8+ Rxc8 32. Qxc8+ Kh7 33. Qf5+ Kg8
34. Re1 Bf8 35. axb4 Qxb4 36. Qxd5+ Kh8 37. Qxh5+ Kg8 38. Qd5+ Kh7 39. Qh5+ Kg8
40. Qd5+ Kh7 41. Qh5+ Kg8 42. Qd5+ {Game drawn by repetition} 1/2-1/2

[Event "Team 45 45 League T55"]
[Site "Internet Chess Club"]
[Date "2012.11.25"]
[Round "2"]
[White "sere"]
[Black "Fogbound"]
[Result "1-0"]
[WhiteElo "1322"]
[BlackElo "1264"]
[Opening "Robatsch (modern) defense"]
[ECO "B06"]
[Time "10:00:26"]
[TimeControl "2700+45"]

1. e4 g6 2. d4 Bg7 3. Nf3 c5 4. d5 d6 5. Nc3 a6 6. Bf4 Nd7 7. Bc4 Ne5 8. Be2 h6
9. O-O Bg4 10. h3 Bd7 11. Re1 Qc8 12. Bd3 Bxh3 13. Nxe5 dxe5 14. Qf3 Bg4 15. Qg3
Nf6 16. Bxe5 Nh5 17. Qh2 f6 18. Bf4 g5 19. Be3 O-O 20. Na4 Qe8 21. Nxc5 b6 22.
Be2 Bxe2 23. Ne6 Rc8 24. Nxf8 Bg4 25. Ne6 Rxc2 26. Bxb6 Bxe6 27. dxe6 Nf4 28. b3
Qb5 29. Be3 Ne2+ 30. Kh1 Qb4 31. Qh5 Qc3 32. Qe8+ Kh7 33. Qxe7 Qe5 34. Rad1 Ng3+
35. Kg1 Qxe4 36. Bxg5 Ne2+ 37. Rxe2 Rxe2 38. Bxf6 Re1+ 39. Rxe1 Qxe1+ 40. Kh2
Kg6 41. Qxg7+ Kh5 42. g4# {Black checkmated} 1-0

[Event "Team 45 45 League T55"]
[Site "Internet Chess Club"]
[Date "2012.12.01"]
[Round "2"]
[White "DarkFlow"]
[Black "WillC"]
[Result "1-0"]
[WhiteElo "1902"]
[BlackElo "1812"]
[Opening "French: Burn variation"]
[ECO "C11"]
[Time "13:30:14"]
[TimeControl "2700+45"]

1. e4 e6 2. d4 d5 3. Nc3 Nf6 4. Bg5 dxe4 5. Nxe4 Nbd7 6. Nxf6+ Nxf6 7. Nf3 h6 8.
Bh4 c5 9. Bc4 Qa5+ 10. c3 Be7 11. Qe2 cxd4 12. Nxd4 Qb6 13. Bxf6 Bxf6 14. Bb5+
Bd7 15. Bxd7+ Kxd7 16. Rd1 Bxd4 17. Rxd4+ Ke7 18. O-O Rad8 19. Rfd1 Rxd4 20.
Rxd4 Rd8 21. Rxd8 Qxd8 22. h3 Qd5 23. b3 e5 24. Qe3 a6 25. c4 Qd1+ 26. Kh2 Qd4
27. Qxd4 exd4 28. Kg3 Kd6 29. Kf4 Kc5 30. Ke4 f5+ 31. Kd3 a5 32. a3 b6 33. f4 g5
34. fxg5 hxg5 35. g3 f4 36. gxf4 gxf4 37. h4 f3 38. h5 f2 39. Ke2 d3+ 40. Kxf2
{Black resigns} 1-0

[Event "Team 45 45 League T55"]
[Site "Internet Chess Club"]
[Date "2012.11.24"]
[Round "2"]
[White "Packerfan"]
[Black "Constrictor"]
[Result "1-0"]
[WhiteElo "1801"]
[BlackElo "1698"]
[Opening "Caro-Kann: Panov-Botvinnik attack, 5...e6"]
[ECO "B14"]
[Time "11:30:25"]
[TimeControl "2700+45"]

1. e4 c6 2. d4 d5 3. exd5 cxd5 4. c4 Nf6 5. Nc3 e6 6. Nf3 Bb4 7. cxd5 Nxd5 8.
Bd2 O-O 9. Bd3 Nf6 10. O-O Bxc3 11. bxc3 b6 12. Re1 Bb7 13. Bg5 Nc6 14. Rc1 Ne7
15. Bb1 Rc8 16. Qd3 Ng6 17. h4 Bxf3 18. Qxf3 Qd5 19. Qd3 Qc4 20. Qc2 h6 21. Bxf6
gxf6 22. h5 {Black resigns} 1-0

[Event "Team 45 45 League T55"]
[Site "Internet Chess Club"]
[Date "2012.11.24"]
[Round "2"]
[White "ghostfire"]
[Black "Innes"]
[Result "0-1"]
[WhiteElo "1733"]
[BlackElo "1747"]
[Opening "Ruy Lopez: modern Steinitz defense"]
[ECO "C75"]
[Time "15:04:16"]
[TimeControl "2700+45"]

1. e4 e5 2. Nf3 Nc6 3. Bb5 a6 4. Ba4 d6 5. c3 Bd7 6. O-O Nge7 7. h3 Ng6 8. d3
Be7 9. Re1 h6 10. Bc2 Bg5 11. Nbd2 O-O 12. Nxg5 hxg5 13. g4 Nf4 14. Kh2 g6 15.
Nf3 Kg7 16. Bxf4 gxf4 17. d4 f6 18. dxe5 fxe5 19. Rh1 Rh8 20. Kg2 Rh6 21. Bb3
Qe7 22. g5 Rh7 23. h4 Bg4 24. Rh2 Rah8 25. Qh1 Nd8 26. Nd2 f3+ 27. Nxf3 Qf8 28.
Bd1 Qf4 29. Ne1 Bxd1 30. Rxd1 Qg4+ 31. Kf1 Qxd1 32. f3 Ne6 33. Qg2 Rxh4 34. Rxh4
Rxh4 35. Qg3 Rh1+ {White resigns} 0-1

[Event "Team 45 45 League T55"]
[Site "Internet Chess Club"]
[Date "2012.11.25"]
[Round "2"]
[White "amicusUK"]
[Black "Moondog"]
[Result "1-0"]
[WhiteElo "1647"]
[BlackElo "1640"]
[Opening "Queen's pawn, Mason variation"]
[ECO "D00"]
[Time "15:00:19"]
[TimeControl "2700+45"]

1. d4 d5 2. Bf4 Nf6 3. e3 e6 4. Nd2 Bd6 5. Bg3 c5 6. c3 O-O 7. Bd3 b6 8. Ngf3
Nc6 9. Ne5 Bb7 10. f4 Ne7 11. Bh4 Nf5 12. Bxf5 exf5 13. Qc2 g6 14. O-O-O Re8 15.
Ndf3 Be7 16. Ng5 Rf8 17. Ngf3 Ne4 18. Bxe7 Qxe7 19. g4 f6 20. Nd3 fxg4 21. Nd2
Ba6 22. Nxe4 dxe4 23. Nf2 f5 24. dxc5 Qxc5 25. Rd4 Rfd8 26. Rhd1 Rxd4 27. Rxd4
Qe7 28. Qd1 Bb5 29. Qb3+ {Black resigns} 1-0

[Event "Team 45 45 League T55"]
[Site "Internet Chess Club"]
[Date "2012.11.28"]
[Round "2"]
[White "creditordebit"]
[Black "Dracoac"]
[Result "1-0"]
[WhiteElo "1857"]
[BlackElo "1778"]
[Opening "Caro-Kann: two knights variation"]
[ECO "B10"]
[Time "15:15:31"]
[TimeControl "2700+45"]

1. e4 c6 2. Nf3 d5 3. Nc3 e6 4. d4 Bb4 5. Bd3 Nf6 6. e5 Nfd7 7. Bg5 f6 8. exf6
Nxf6 9. O-O O-O 10. Ne2 Qc7 11. c3 Bd6 12. h3 Bd7 13. Qc2 h6 14. Be3 Na6 15. b4
Rae8 16. Nh4 Rc8 17. Ng6 Rfe8 18. Nef4 Nb8 19. a4 b6 20. Qd2 c5 21. b5 e5 22.
dxe5 Bxe5 23. Rae1 Bd6 24. Nxd5 Nxd5 25. Bc4 Be6 26. Bxd5 Rcd8 27. Bf4 Bxf4 28.
Bxe6+ Rxe6 29. Qa2 Bd2 30. Qxe6+ Qf7 31. Qxf7+ Kxf7 32. Ne5+ Kf6 33. Ng4+ Kf7
34. Rd1 Bg5 35. Rxd8 Bxd8 36. Rd1 Bg5 37. Ne5+ Ke6 38. Nc6 Nd7 39. Nxa7 Ne5 40.
Nc8 Nc4 41. g3 Bf6 42. Kg2 g5 43. Re1+ Kd7 44. Na7 Na5 45. Nc6 Bxc3 46. Rd1+ Ke6
47. Nxa5 Bxa5 48. Kf3 Ke5 49. Kg4 c4 50. f4+ Ke4 51. fxg5 hxg5 52. Kxg5 c3 53.
Rc1 Kd3 54. h4 c2 55. Kg6 Bd2 56. Rxc2 Kxc2 57. h5 Kb3 58. h6 Kxa4 59. h7 Bc3
60. g4 Kxb5 61. g5 Kc5 62. Kf7 b5 63. g6 b4 64. g7 b3 65. h8=Q b2 66. Qb8 Kc4
67. g8=Q Kd3 68. Qgg3+ Kc2 69. Qf2+ Kb1 70. Qf1+ Ka2 71. Qc4+ Ka1 72. Qxc3 Ka2
73. Qcxb2# {Black checkmated} 1-0

[Event "Team 45 45 League T55"]
[Site "Internet Chess Club"]
[Date "2012.11.21"]
[Round "2"]
[White "SolaFide"]
[Black "fishhead"]
[Result "1-0"]
[WhiteElo "1799"]
[BlackElo "1803"]
[Opening "Alekhine's defense: modern, fianchetto variation"]
[ECO "B04"]
[Time "17:00:35"]
[TimeControl "2700+45"]

1. e4 Nf6 2. e5 Nd5 3. d4 d6 4. Nf3 g6 5. Bc4 Nb6 6. Bb3 Bg7 7. Ng5 d5 8. f4 Nc6
9. O-O h6 10. Nf3 Bg4 11. c3 e6 12. Nbd2 a6 13. Bc2 Ne7 14. Nb3 Nd7 15. Be3 Bf5
16. Nh4 Bxc2 17. Qxc2 b6 18. g4 Rc8 19. f5 Nxf5 20. Nxf5 gxf5 21. gxf5 exf5 22.
Qxf5 Qe7 23. Kh1 Qe6 24. Qf3 Nf8 25. Rg1 Ng6 26. Raf1 Ke7 27. Nc1 Rcg8 28. Ne2
c6 29. Ng3 Bf8 30. Nh5 Nh4 31. Qe2 Rxg1+ 32. Bxg1 Qg6 33. Rf6 Qb1 34. a3 Rg8 35.
Ng3 Rg6 36. Qh5 Ng2 37. Kxg2 Qxb2+ 38. Rf2 Qxc3 39. Qf5 Rg7 40. Kh1 Qc1 41. Rf1
Qg5 42. Qc8 {Black resigns} 1-0

[Event "Team 45 45 League T55"]
[Site "Internet Chess Club"]
[Date "2012.11.23"]
[Round "2"]
[White "Manch"]
[Black "jps7"]
[Result "0-1"]
[WhiteElo "1518"]
[BlackElo "1647"]
[Opening "Queen's pawn game, Darooha variation "]
[ECO "D02"]
[Time "13:15:09"]
[TimeControl "2700+45"]

1. Nf3 Nf6 2. d4 d5 3. c4 e6 4. a3 b6 5. Nc3 a6 6. Bg5 Bd6 7. cxd5 exd5 8. Nxd5
Nbd7 9. e4 Be7 10. Nxe7 Qxe7 11. Be2 Qxe4 12. O-O O-O 13. Re1 Qg6 14. Bd3 Qh5
15. Rc1 Bb7 16. Rxc7 Bxf3 17. Qxf3 Qxg5 18. Bxh7+ Kxh7 19. Qh3+ Qh6 20. Qd3+ Kg8
21. Qf5 Qd2 22. Kf1 Qxb2 23. g3 Qxd4 24. Kg2 Nc5 25. Ree7 Qd5+ 26. Qxd5 Nxd5
{White resigns} 0-1

[Event "Team 45 45 League T55"]
[Site "Internet Chess Club"]
[Date "2012.11.24"]
[Round "2"]
[White "room-matt"]
[Black "HomerSimpson"]
[Result "1-0"]
[WhiteElo "1848"]
[BlackElo "2061"]
[Opening "Owen defense"]
[ECO "B00"]
[Time "12:01:37"]
[TimeControl "2700+45"]

1. e4 b6 2. d4 Bb7 3. Nc3 e6 4. Nf3 Bb4 5. Bd3 Nf6 6. Bg5 h6 7. Bxf6 Qxf6 8. O-O
Bxc3 9. bxc3 d6 10. Bb5+ c6 11. Be2 Nd7 12. Nd2 e5 13. Nc4 O-O-O 14. Bg4 Kc7 15.
a4 Ba6 16. Be2 Bxc4 17. Bxc4 g5 18. Rb1 a5 19. Re1 Qg6 20. d5 c5 21. Ba6 f5 22.
Qd3 fxe4 23. Rxe4 Ra8 24. Rbe1 Rhe8 25. Bb5 Qf7 26. Bc6 Ra7 27. Rb1 Rf8 28. Re2
Nf6 29. Qb5 Rb8 30. Qc4 Kd8 31. Rbe1 Rc7 32. Qd3 e4 33. Qg3 Rxc6 34. dxc6 Kc7
35. f3 Re8 36. fxe4 Re5 37. Qd3 Qe8 38. Rf2 Nxe4 39. Rfe2 Nf6 40. Rxe5 dxe5 41.
Qf5 Qxc6 42. Qxe5+ Qd6 43. c4 Qxe5 44. Rxe5 Kd6 45. Rf5 Ke6 46. Rf1 Nd7 47. Rb1
Ke5 48. Kf2 Kd4 49. Rd1+ Kxc4 50. Rxd7 Kc3 51. Rb7 Kxc2 52. Rxb6 c4 53. Ke2 c3
54. Rc6 h5 55. Rc5 Kb2 56. Kd3 Kb3 57. Rxc3+ Kxa4 58. Rc5 g4 59. Rxh5 Kb4 60.
Rh4 a4 61. Rxg4+ Kb3 62. Rg8 a3 63. Rb8+ Ka2 64. Kc3 Ka1 65. Kb3 a2 66. Rd8
{Black resigns} 1-0

[Event "Team 45 45 League T55"]
[Site "Internet Chess Club"]
[Date "2012.11.25"]
[Round "2"]
[White "UsuallySleepy"]
[Black "tsia68"]
[Result "1-0"]
[WhiteElo "1935"]
[BlackElo "1844"]
[Opening "Pirc: Austrian attack, 6.Be3"]
[ECO "B09"]
[Time "08:00:39"]
[TimeControl "2700+45"]

1. e4 d6 2. d4 Nf6 3. Nc3 g6 4. f4 Bg7 5. Nf3 O-O 6. Be3 Nbd7 7. Qd2 c5 8. O-O-O
Ng4 9. Bg1 cxd4 10. Nxd4 e5 11. Nde2 exf4 12. Nxf4 Qa5 13. Bd4 Nge5 14. Kb1 a6
15. h4 h5 16. Be2 Nf6 17. Ncd5 Qxd2 18. Nxf6+ Bxf6 19. Rxd2 Bg4 20. Nd5 Bg7 21.
Bxg4 Nxg4 22. Ne7+ Kh7 23. Bxg7 Kxg7 24. Rxd6 Rfe8 25. Rd7 Kf8 26. Nd5 Rxe4 27.
Rf1 f5 28. c4 Rc8 29. b3 b5 30. Rh7 Rc6 31. cxb5 axb5 32. Rb7 Rc5 33. Nf4 Ne5
34. Ne6+ {Black resigns} 1-0

[Event "Team 45 45 League T55"]
[Site "Internet Chess Club"]
[Date "2012.11.22"]
[Round "2"]
[White "Duguesclin"]
[Black "mongmong"]
[Result "0-1"]
[WhiteElo "1622"]
[BlackElo "1633"]
[Opening "Nimzo-Indian: Leningrad variation"]
[ECO "E30"]
[Time "15:04:18"]
[TimeControl "2700+45"]

1. d4 e6 2. c4 Nf6 3. Nc3 Bb4 4. Bg5 c5 5. a3 Bxc3+ 6. bxc3 Qa5 7. Bd2 d6 8. e3
Nc6 9. Nf3 e5 10. h3 O-O 11. Be2 Ne4 12. Qc2 Nxd2 13. Nxd2 exd4 14. cxd4 cxd4
15. e4 Qc3 16. Ra2 Bd7 17. O-O Qxc2 18. Rxc2 Ne5 19. Rb2 b6 20. f4 Nc6 21. Bf3
f6 22. Nb3 Rac8 23. Rd2 Be6 24. Rc1 Rc7 25. Nxd4 Nxd4 26. Rxd4 Rfc8 27. Rxd6
Bxc4 28. Bg4 Ba6 29. Rcd1 Re8 30. Be6+ Kf8 31. f5 Bb7 32. Rd7 Re7 33. Rd8+ Re8
34. R1d7 Rxd7 35. Rxd7 Re7 36. Rd8+ Re8 37. Rd4 Re7 38. Kf2 Rc7 39. Ke3 Ke7 40.
h4 Bc8 41. Bd5 Rc3+ 42. Rd3 Rxd3+ 43. Kxd3 Kd6 44. Kd4 Bd7 45. g4 h6 46. g5 a5
47. gxf6 gxf6 48. Bb3 b5 49. Bf7 b4 50. axb4 axb4 51. Bd5 Bc8 52. Kc4 Ba6+ 53.
Kxb4 Ke5 54. Kc5 Bd3 55. Bf7 Bxe4 56. Bg6 Bxf5 57. h5 Be6 58. Kb4 f5 59. Kc3 f4
60. Kd2 Bg4 61. Ke1 Kf6 62. Kf2 Kg5 63. Be8 Bxh5 64. Bc6 Bg4 65. Kg2 h5 66. Kf2
h4 67. Kg2 Kf6 68. Bb7 Ke5 69. Kf2 Kd4 70. Bc6 Bd1 71. Ke1 Bc2 72. Bg2 Be4 73.
Bh3 Ke3 74. Kf1 Bf3 75. Ke1 Bh5 76. Kf1 f3 77. Kg1 f2+ 78. Kh2 Bf3 79. Bf1 Bg4
80. Kg2 h3+ 81. Kh2 Kd2 82. Bb5 Ke1 83. Kg3 Bc8 84. Kh2 f1=Q 85. Bxf1 Kxf1 86.
Kh1 Kf2 87. Kh2 Kf3 88. Kh1 Kg3 89. Kg1 Bb7 {White resigns} 0-1

[Event "Team 45 45 League T55"]
[Site "Internet Chess Club"]
[Date "2012.11.26"]
[Round "2"]
[White "Hal2001"]
[Black "Ayensa80"]
[Result "0-1"]
[WhiteElo "1619"]
[BlackElo "1662"]
[Opening "French: Two knights variation"]
[ECO "C00"]
[Time "11:01:55"]
[TimeControl "2700+45"]

1. e4 e6 2. Nf3 d5 3. Nc3 d4 4. Ne2 c5 5. c3 Nf6 6. Ng3 a6 7. cxd4 cxd4 8. Qa4+
Nc6 9. e5 Nd7 10. Ne4 Be7 11. Nd6+ Bxd6 12. exd6 Nc5 13. Qc4 Qxd6 14. d3 b5 15.
Qc2 O-O 16. g3 e5 17. Bg2 Nb4 18. Qe2 Nbxd3+ 19. Kf1 Bb7 20. a3 a5 21. Ne1 Bxg2+
22. Kxg2 Qd5+ 23. Kg1 Nxe1 24. Qxe1 e4 25. Bd2 Rfe8 26. h4 Nd3 27. Qe2 Nxb2 28.
Bxa5 Nc4 29. Bb4 d3 30. Qg4 Qe5 31. Kh2 f5 32. Qf4 Qxf4 33. gxf4 e3 34. fxe3
Rxe3 35. Rhd1 Rae8 36. Bc3 Re2+ 37. Kg1 R8e3 38. a4 Rg3+ 39. Kf1 Ne3# {White
checkmated} 0-1

[Event "Team 45 45 League T55"]
[Site "Internet Chess Club"]
[Date "2012.11.23"]
[Round "2"]
[White "cityprosecutor"]
[Black "Schack"]
[Result "1-0"]
[WhiteElo "1753"]
[BlackElo "1693"]
[Opening "Scotch gambit: Dubois-Réti defense"]
[ECO "C55"]
[Time "22:04:24"]
[TimeControl "2700+45"]

1. e4 e5 2. Nf3 Nc6 3. d4 exd4 4. Bc4 Nf6 5. e5 d5 6. Bb5 Ne4 7. Nxd4 Bc5 8. Be3
Bd7 9. Bxc6 bxc6 10. Nd2 Qh4 11. O-O Bb6 12. N2b3 O-O 13. a4 c5 14. Nf3 Qe7 15.
Qxd5 Bf5 16. Nbd2 Rfd8 17. Qc4 Nxd2 18. Bxd2 Rxd2 19. Nxd2 Rd8 20. Nf3 Be6 21.
Qh4 Qxh4 22. Nxh4 c4 23. Rad1 Re8 24. Nf3 c3 25. b3 Bc5 26. Nd4 Bd7 27. Rfe1 Bg4
28. Rd3 Rd8 29. e6 fxe6 30. Nxe6 Rxd3 31. cxd3 Bxe6 32. d4 Bxd4 33. Rxe6 c2 34.
Rc6 Bb6 35. Rxc2 a5 36. Kf1 Kf7 37. f3 Ke7 38. Ke2 Kd7 39. Kd3 Bg1 40. h4 Bb6
41. Kc4 Kd6 42. Re2 Kd7 43. b4 axb4 44. Kxb4 Kc6 45. a5 Bd4 46. Rc2+ Kb7 47. Kb5
Be3 48. a6+ Kb8 49. g4 h6 50. Re2 Bd4 51. Kc6 Ka7 52. Kxc7 Kxa6 53. Kc6 Ka7 54.
Re7+ Ka6 55. Kd5 Bf6 56. Rd7 Kb6 57. Rd6+ Kc7 58. Rxf6 {Black resigns} 1-0

[Event "Team 45 45 League T55"]
[Site "Internet Chess Club"]
[Date "2012.11.21"]
[Round "2"]
[White "clarinetref"]
[Black "CKNIGHT3"]
[Result "1-0"]
[WhiteElo "1715"]
[BlackElo "1666"]
[Opening "Nimzovich-Larsen attack: classical variation"]
[ECO "A01"]
[Time "23:01:50"]
[TimeControl "2700+45"]

1. b3 d5 2. Bb2 Nf6 3. e3 c5 4. d4 cxd4 5. Bxd4 a6 6. Bxf6 gxf6 7. c4 Qa5+ 8.
Qd2 Qxd2+ 9. Nxd2 dxc4 10. Nxc4 Nc6 11. Nf3 Bf5 12. Be2 b5 13. Nb2 e5 14. Nh4
Bb4+ 15. Kf1 Be6 16. Bf3 Rc8 17. Rc1 Bd7 18. Be4 Ba3 19. Rc2 Nb4 20. Rxc8+ Bxc8
21. Nd3 Nxa2 22. Bc6+ Bd7 23. Bxd7+ Kxd7 24. f3 Nb4 25. Nc5+ Kc6 26. Ne4 Nd5 27.
Kf2 b4 28. Rd1 a5 29. Nf5 Rd8 30. Nxf6 Nxf6 31. Rxd8 Nd7 32. Ra8 Kb6 33. Nd6 Nc5
34. Nc4+ Kb7 35. Rxa5 Nxb3 36. Rxe5 Nc1 37. Re7+ Kc6 38. Ra7 Nd3+ 39. Ke2 Nc1+
40. Kd1 Nd3 41. Nxa3 bxa3 42. Rxa3 Ne5 43. Ra5 Kd6 44. Ra6+ Ke7 45. Kc2 h5 46.
Ra5 Nc4 47. Rxh5 Nxe3+ 48. Kd3 Nxg2 49. Ke4 Ke6 50. f4 Ne1 51. Rh6+ Ke7 52. h4
Nc2 53. h5 Nb4 54. Rh8 Nc6 55. h6 Kf6 56. f5 Ne7 57. h7 Kg7 58. Re8 Kxh7 59.
Rxe7 Kg7 60. Ke5 Kf8 61. Kf6 Kg8 62. Re8+ Kh7 63. Kxf7 Kh6 64. Rg8 Kh5 65. Ke6
Kh6 66. f6 Kh5 67. f7 Kh4 68. f8=Q Kh5 69. Qf1 Kh6 70. Qh1# {Black checkmated}
1-0